 Dungeon Crawl Stone Soup version 0.18-a0-721-g8fc53f4 (webtiles) character file.

159 Duffy the Chopper (level 5, -22/32 HPs)
             Began as a Tengu Fighter on Dec 8, 2015.
             Annihilated by an ogre
             ... wielding a +0 giant spiked club
              (29 damage)
             ... on level 4 of the Dungeon.
             The game lasted 00:02:10 (2752 turns).

Duffy the Chopper (Tengu Fighter)                   Turns: 2752, Time: 00:02:10

Health: -22/32     AC:  8    Str: 17    XL:     5   Next: 40%
Magic:  6/6        EV:  9    Int:  9    God:
Gold:   127        SH:  0    Dex: 13    Spells: 0 memorised, 4 levels left

rFire  . . .     SeeInvis .     a - +0 war axe
rCold  . . .     Clarity  .     b - +0 scale mail
rNeg   . . .     SustAt   .     (no shield)
rPois  +         Gourm    .     (helmet restricted)
rElec  .         Spirit   .     w - +0 cloak (curse)
rCorr  .         Dismiss  .     (no gloves)
rMut   .         Stasis   .     (boots unavailable)
MR     +....                    (no amulet)
Stlth  ..........               n - ring of protection from magic (curse)
                                h - ring of poison resistance

@: somewhat resistant to hostile enchantments, extremely unstealthy
A: beak, talons 3, able to fly 1
a: Fly


You were on level 4 of the Dungeon.
You were hungry.

You visited 1 branch of the dungeon, and saw 4 of its levels.

You collected 127 gold pieces.


Innate Abilities, Weirdness & Mutations

You have a beak for a mouth.
You have claws for feet.
You can fly.


   Skills:
 - Level 3.0 Fighting
 + Level 6.0 Axes
 - Level 3.2 Armour
 - Level 3.0 Shields


You had 4 spell levels left.
You didn't know any spells.

Inventory:

Hand Weapons
 a - a +0 war axe (weapon)
Missiles
 i - 24 poisoned needles
Armour
 b - a +0 scale mail (worn)
 c - a +0 shield
 w - a cursed +0 cloak (worn)
Jewellery
 h - a ring of poison resistance (left hand)
 n - a cursed ring of protection from magic (right hand)
 y - a +1 ring of evasion {unknown}
Scrolls
 j - a scroll of fog {unknown}
 p - 4 scrolls of identify {unknown}
 r - a scroll of blinking {unknown}
 s - a scroll of random uselessness {unknown}
 t - a scroll of recharging {unknown}
 x - a scroll of enchant armour {unknown}
Potions
 d - a potion of might
 g - 2 potions of curing {unknown}
 k - a potion of invisibility {unknown}
 l - a potion of degeneration {unknown}
 o - 2 potions of heal wounds {unknown}
 q - 2 potions of ambrosia {unknown}
 u - a potion of mutation {unknown}
Comestibles
 e - 3 bread rations
 f - 3 meat rations
 m - 2 fruits

Dungeon Overview and Level Annotations

Branches:
Dungeon (4/15)             Temple (0/1) D:4

Altars:
Ashenzari
Trog


Message History

The ogre shouts!
Found 14 gold pieces.
The ogre closely misses you.
You hit the ogre but do no damage. Your kick misses the ogre.
You peck the ogre.
The ogre is lightly wounded.
The ogre hits you with a giant spiked club!!
Ouch! That really hurt!
You are too injured to fight recklessly!
You are too injured to fight recklessly!
You are too injured to fight recklessly!
You are too injured to fight recklessly!
You are too injured to fight recklessly!
You are too injured to fight recklessly!
You are too injured to fight recklessly!
You are too injured to fight recklessly!
You are too injured to fight recklessly!
You are too injured to fight recklessly!
You are too injured to fight recklessly!
You are too injured to fight recklessly!
You are too injured to fight recklessly!
You are too injured to fight recklessly!
You are too injured to fight recklessly!
You are too injured to fight recklessly!
You are too injured to fight recklessly!
You are too injured to fight recklessly!
You are too injured to fight recklessly!
You slash the ogre! You claw the ogre. You peck the ogre.
The ogre is severely wounded.
The ogre misses you.
You hit the ogre. You claw the ogre. You peck the ogre.
The ogre is almost dead.
The ogre hits you with a giant spiked club!!
Ouch! That really hurt!
You die...

#.#..8..#
#..#.....#.###.#.#.#...
#.......+
..##...##.##..........
###..8..# ##+#
....#.#.#.#.. #
#.....## #.#
#.......... ....8..#.
#.# #.#.#.#.#..
..........####.####
#..........
#.........###.#.#.#.#..
#......##...........
#O@.#.##..#.#.#.#..
#..................
#.###.########..... ...
#.# ###### ..$. ..#
##### ####


You could see an ogre.

Action                   |  1- 3 |  4- 6 || total
-------------------------+-------+-------++-------
Melee: War axe           |    71 |    67 ||   138
  Eat: Chunk             |     1 |     4 ||     5

Notes
Turn   | Place    | Note
--------------------------------------------------------------
     0 | D:1      | Duffy the Tengu Fighter began the quest for the Orb.
     0 | D:1      | Reached XP level 1. HP: 14/14 MP: 2/2
   147 | D:1      | Reached XP level 2. HP: 19/19 MP: 3/3
   189 | D:1      | Reached skill level 3 in Axes
   330 | D:1      | Reached XP level 3. HP: 23/23 MP: 4/4
   685 | D:1      | Reached skill level 4 in Axes
   828 | D:2      | Found a bloodstained altar of Trog.
   829 | D:2      | Found a shattered altar of Ashenzari.
  1246 | D:2      | Reached XP level 4. HP: 25/28 MP: 5/5
  1855 | D:3      | Reached skill level 5 in Axes
  2326 | D:4      | Found a staircase to the Ecumenical Temple.
  2369 | D:4      | Gained mutation: You can fly. [Tengu growth]
  2369 | D:4      | Reached XP level 5. HP: 13/32 MP: 6/6
  2585 | D:4      | Reached skill level 6 in Axes
  2746 | D:4      | Noticed an ogre
  2752 | D:4      | Annihilated by an ogre

Vault maps used:
D:1:      dpeg_arrival_rooms_c, eino_curves_03
D:2:      nicolae_overflow_hidden_temple, minivault_23
D:3:      first_bread
D:4:      gammafunk_temple_overflow_pools, zin_statuary,
          minmay_temple_entry_glass, serial_glass, glass_columns_a,
          glass_columns_c, kennysheep_small_circle

Vanquished Creatures
  A scorpion
  4 adders
  An ooze
  A worm
  A giant gecko
  4 orcs
  6 giant cockroaches
  7 goblins
  10 hobgoblins
  A quokka
  13 bats
  2 giant newts
  2 kobolds
  4 rats
57 creatures vanquished.
